 Dungeon Crawl Stone Soup version 0.19.1 (webtiles) character file.

3544 Krapule the Skirmisher (level 9, -3/72 HPs)
             Began as a Demonspawn Gladiator on Dec 16, 2016.
             Was a Follower of Makhleb.
             Slain by Arnot's ghost (4 damage)
             ... on level 8 of the Dungeon.
             The game lasted 00:24:02 (8188 turns).

Krapule the Skirmisher (Demonspawn Gladiator)       Turns: 8188, Time: 00:24:03

Health: -3/72      AC: 20    Str: 19    XL:     9   Next: 83%
Magic:  11/11      EV:  8    Int: 10    God:    Makhleb [*.....]
Gold:   384        SH:  0    Dex: 13    Spells: 0 memorised, 8 levels left

rFire  . . .     SeeInvis .     x - +4 quarterstaff (chaos)
rCold  + . .     Gourm    .     r - +0 plate armour
rNeg   . . .     Faith    .     (shield currently unavailable)
rPois  .         Spirit   .     t - +1 hat
rElec  .         Reflect  .     i - +0 cloak
rCorr  +         Harm     .     (no gloves)
MR     .....                    M - +0 pair of boots
Stlth  ..........               (no amulet)
                                y - ring of resist corrosion
                                q - ring of protection from cold

@: no status effects
A: talons 2, iridescent scales 2, powered by death 1
a: Renounce Religion


You were on level 8 of the Dungeon.
You worshipped Makhleb.
Makhleb was aware of your devotion.
You were not hungry.

You visited 2 branches of the dungeon, and saw 9 of its levels.

You collected 384 gold pieces.

Inventory:

Hand Weapons
 a - a +0 quarterstaff
 x - a +4 quarterstaff of chaos (weapon)
Missiles
 d - 3 throwing nets
 I - 7 javelins (quivered)
Armour
 i - a +0 cloak (worn)
 r - a +0 plate armour (worn)
 t - a +1 hat (worn)
 M - a +0 pair of boots (worn)
Jewellery
 q - a ring of protection from cold (left hand)
 s - an uncursed amulet of harm
 y - a ring of resist corrosion (right hand)
 K - an uncursed amulet of faith
Wands
 e - a wand of acid (6/15)
 n - a wand of paralysis (9/24)
 E - a wand of digging (10/24)
Scrolls
 h - a scroll of noise {unknown}
 k - 5 scrolls of remove curse {unknown}
 m - 2 scrolls of teleportation {unknown}
 u - a scroll of amnesia {unknown}
 C - 2 scrolls of enchant weapon {unknown}
 D - a scroll of blinking {unknown}
 H - a scroll of magic mapping {unknown}
 N - a scroll of immolation {unknown}
 P - a scroll of recharging {unknown}
Potions
 b - a potion of brilliance
 j - a potion of cancellation
 l - 2 potions of agility
 o - a potion of magic
 p - a potion of berserk rage
 v - a potion of cure mutation
 z - a potion of mutation {unknown}
 A - 3 potions of heal wounds {unknown}
 B - a potion of might
 J - 2 potions of curing {unknown}
 L - a potion of flight {unknown}
Books
 c - a book of Misfortune

   Spells                             Type                      Level
   a - Confusing Touch                Hexes                        1
   b - Confuse                        Hexes                        3
   c - Gell's Gravitas                Hexes/Translocation          3
   d - Petrify                        Transmutation/Earth          4
   e - Metabolic Englaciation         Hexes/Ice                    5
   f - Yara's Violent Unravelling     Hexes/Transmutation          5
 G - a book of Conjurations

   Spells                             Type                      Level
   a - Magic Dart                     Conjuration                  1
   b - Searing Ray                    Conjuration                  2
   c - Dazzling Spray                 Conjuration/Hexes            3
   d - Fulminant Prism                Conjuration/Hexes            4
   e - Iskenderun's Mystic Blast      Conjuration                  4
   f - Iskenderun's Battlesphere      Conjuration/Charms           5
Comestibles
 f - 2 bread rations
 g - 3 slices of pizza
 w - a chunk of flesh
 F - a meat ration
 O - a beef jerky


   Skills:
 + Level 7.2 Fighting
 + Level 7.1 Staves
 - Level 2.0 Throwing
 + Level 5.8 Armour
 + Level 6.8 Dodging
 + Level 3.6 Invocations


You had 8 spell levels left.
You didn't know any spells.

Dungeon Overview and Level Annotations

Branches:
Dungeon (8/15)             Temple (1/1) D:7            Lair (0/6) D:8

Altars:
Ashenzari
Cheibriados
Dithmenos
Elyvilon
Fedhas
Gozag
Hepliaklqana
Makhleb
Nemelex Xobeh
Okawaru
Qazlal
Ru
Sif Muna
Trog
Uskayaw
Vehumet
Xom
Zin
The Shining One

Annotations:
D:8 Arnot's ghost, novice MiFi


Innate Abilities, Weirdness & Mutations

You have razor-sharp toenails.
You are mostly covered in iridescent scales. (AC +4)
You regenerate a little health from kills.


Message History

You barely miss Arnot's ghost.
Arnot's ghost is heavily damaged.
Arnot's ghost hits you but does no damage.
You hit Arnot's ghost.
Arnot's ghost convulses.
Arnot's ghost is severely damaged.
Arnot's ghost barely misses you.
You hit Arnot's ghost. You freeze Arnot's ghost.
Arnot's ghost is severely damaged.
Arnot's ghost hits you but does no damage. x2
You closely miss Arnot's ghost.
Arnot's ghost is severely damaged.
Arnot's ghost hits you!
* * * LOW HITPOINT WARNING * * *
x2 You are too injured to fight recklessly!
You are too injured to fight recklessly!
Your plate armour prevents you from hitting Arnot's ghost.
Arnot's ghost is severely damaged.
Arnot's ghost barely misses you. Arnot's ghost hits you!
* * * LOW HITPOINT WARNING * * *
You die...

.# #.# #.# # #.#
##.# #.# ....>
#.# ......###.#
#....W@..#
#.#.####.#
.#.####.#######
..............#
.######.#######
#.# #.#
#.######[#######
......†........#


You could see Arnot's ghost.

Vanquished Creatures
  The ghost of Kite the Geomancer, a novice GrEE (D:4)
  A hippogriff (D:8)
  Eustachio (D:5)
  Sigmund (D:2)
  A hungry ghost (D:8)
  A steam dragon (D:7)
  A porcupine (D:8)
  An orc warrior (D:7)
  2 ice beasts
  3 ogres
  A centaur (D:8)
  3 bullfrogs (D:8)
  A gnoll sergeant (D:6)
  A scorpion (D:6)
  A water moccasin zombie (D:8)
  5 wights (D:6)
  2 howler monkeys
  3 crimson imps
  A jelly (D:4)
  2 bullfrog skeletons
  4 orc priests
  Crazy Yiuf (D:3)
  2 hounds
  Jessica (D:2)
  4 iguanas
  7 orc wizards
  Natasha (thrice) (D:3)
  3 worker ants
  A hound zombie (D:5)
  A hound skeleton (D:6)
  9 gnolls
  A river rat (D:8)
  11 adders
  A shadow imp (D:6)
  A white imp (D:4)
  An adder skeleton (D:4)
  2 worms
  3 dart slugs
  8 leopard geckos
  28 orcs
  9 bats
  5 giant cockroaches
  5 goblins
  12 hobgoblins
  13 jackals
  9 kobolds
  4 quokkas
  A ball python (D:4)
  3 frilled lizards
  9 rats
195 creatures vanquished.

Notes
Turn   | Place    | Note
-------+----------+-------------------------------------------
     0 | D:1      | Krapule the Demonspawn Gladiator began the quest for the Orb.
     0 | D:1      | Reached XP level 1. HP: 16/16 MP: 1/1
   169 | D:1      | Gained mutation: You have sharp toenails. [demonic ancestry]
   169 | D:1      | Reached XP level 2. HP: 17/22 MP: 2/2
   904 | D:2      | Reached XP level 3. HP: 16/28 MP: 3/3
  1250 | D:2      | Noticed Sigmund
  1417 | D:1      | Gained mutation: You regenerate a little health from kills. [demonic ancestry]
  1417 | D:1      | Reached XP level 4. HP: 35/35 MP: 4/4
  1639 | D:2      | Found a glowing golden altar of the Shining One.
  1757 | D:2      | Found a glowing silver altar of Zin.
  1828 | D:2      | Noticed Jessica
  1871 | D:2      | Killed Jessica
  2190 | D:2      | Found a white marble altar of Elyvilon.
  2194 | D:2      | Found a radiant altar of Vehumet.
  2248 | D:2      | Killed Sigmund
  2248 | D:2      | Reached skill level 1 in Armour
  2248 | D:2      | Gained mutation: You are partially covered in iridescent scales. (AC +2) [demonic ancestry]
  2248 | D:2      | Reached XP level 5. HP: 37/42 MP: 5/5
  2248 | D:2      | Reached XP level 6. HP: 43/48 MP: 6/6
  2665 | D:3      | Noticed Natasha
  2674 | D:3      | Killed Natasha
  2723 | D:3      | Noticed Natasha
  2736 | D:3      | Killed Natasha
  2979 | D:3      | Noticed Natasha
  2987 | D:3      | Killed Natasha
  3356 | D:3      | Found a runed door.
  3490 | D:3      | Noticed Crazy Yiuf
  3498 | D:3      | Killed Crazy Yiuf
  3785 | D:4      | Gained mutation: You are mostly covered in iridescent scales. (AC +4) [demonic ancestry]
  3785 | D:4      | Reached XP level 7. HP: 52/55 MP: 7/7
  3905 | D:4      | Found an opulent altar of Gozag.
  3972 | D:4      | Noticed Kite's ghost (novice GrEE)
  3985 | D:4      | Killed Kite's ghost
  4124 | D:4      | Reached skill level 5 in Staves
  4132 | D:4      | Reached skill level 5 in Fighting
  4365 | D:4      | Reached XP level 8. HP: 49/62 MP: 8/8
  4386 | D:4      | Reached skill level 5 in Dodging
  4562 | D:5      | Entered Level 5 of the Dungeon
  5275 | D:5      | Found an iron altar of Okawaru.
  5404 | D:5      | Noticed Eustachio
  5411 | D:5      | Killed Eustachio
  5849 | D:6      | Found a bloodstained altar of Trog.
  6136 | D:6      | Gained mutation: You have razor-sharp toenails. [demonic ancestry]
  6136 | D:6      | Reached XP level 9. HP: 47/69 MP: 9/9
  6876 | D:7      | Reached skill level 5 in Armour
  6947 | D:7      | Found a staircase to the Ecumenical Temple.
  6962 | Temple   | Entered the Ecumenical Temple
  7051 | Temple   | Became a worshipper of Makhleb the Destroyer
  7085 | D:7      | Found a sparkling altar of Nemelex Xobeh.
  7343 | D:7      | Reached skill level 1 in Invocations
  7598 | D:7      | Found a snail-covered altar of Cheibriados.
  7868 | D:8      | Found a staircase to the Lair.
  8015 | D:8      | Reached * piety under Makhleb
  8017 | D:8      | Found a hazy altar of Hepliaklqana.
  8155 | D:8      | Noticed Arnot's ghost (novice MiFi)
  8188 | D:8      | HP: 1/72 [Arnot's ghost (16)]
  8188 | D:8      | Slain by Arnot's ghost

Skill      XL: |  1  2  3  4  5  6  7  8  9 |
---------------+----------------------------+-----
Throwing       | 2 |  2.0
Staves         | 3 4 5 6 7 |  7.1
Dodging        | 3 4 6 |  6.8
Fighting       | 3 4 5 6 7 |  7.2
Armour         | 1 2 3 4 5 |  5.8
Invocations    | 3 |  3.6

Action                   |  1- 3 |  4- 6 |  7- 9 || total
-------------------------+-------+-------+-------++-------
Melee: Quarterstaff      |    98 |   212 |   420 ||   730
       Kick              |    20 |    51 |    88 ||   159
Throw: Javelin           |       |       |     5 ||     5
Evoke: Wand              |       |     1 |     1 ||     2
  Use: Scroll            |       |       |     7 ||     7
 Stab: Paralysed         |       |     5 |     3 ||     8
       Petrifying        |       |       |     2 ||     2
  Eat: Chunk             |       |     9 |    17 ||    26
Armor: Leather armour    |    46 |    27 |       ||    73
       Plate armour      |       |    61 |   276 ||   337
Dodge: Dodged            |    89 |   128 |   137 ||   354
